 Dungeon Crawl Stone Soup version 0.29-a0-925-g0a7a3d12f8 (webtiles) character file.

Game seed: 1025262991580885203

7 kae the Insei (level 1, 0/18 HPs)
             Began as a Demonspawn Monk on July 29, 2022.
             Slain by a kobold
             ... wielding a +0 whip of venom
              (5 damage)
             ... on level 1 of the Dungeon.
             The game lasted 00:00:14 (388 turns).

kae the Insei (Demonspawn Monk)                      Turns: 388, Time: 00:00:15

Health: 0/18       AC:  2    Str: 11    XL:     1   Next: 83%
Magic:  1/1        EV: 12    Int: 11    God:
Gold:   0          SH:  0    Dex: 15    Spells: 0/0 levels left

rFire   . . .      SeeInvis .     - Unarmed
rCold   . . .      Faith    .   (no shield)
rNeg    . . .      Spirit   .   a - +0 robe
rPois   .          Reflect  .   (no helmet)
rElec   .          Harm     .   (no cloak)
rCorr   .          Rampage  .   (no gloves)
Will    .....                   (no boots)
Stlth   +.........              (no amulet)
HPRegen 0.06/turn               (no ring)
MPRegen 0.07/turn               (no ring)

@: confused, lethally poisoned (0 -> -15), ambrosia-drunk
A: no striking features
a: no special abilities


You were on level 1 of the Dungeon.
You visited 1 branch of the dungeon, and saw 1 of its levels.


   Skills:
 - Level 3.0 Fighting
 - Level 2.6 Dodging
 - Level 1.7 Stealth
 + Level 3.1 Unarmed Combat


You couldn't memorise any spells.
You didn't know any spells.
Your spell library was empty.

Inventory:

Armour
 a - a +0 robe (worn)
Scrolls
 d - a scroll of silence {unknown}
Potions
 c - a potion of curing {unknown}

Dungeon Overview and Level Annotations

Branches:
Dungeon (1/15) Zot: 5611

Altars:

♣♣♣♣♣...♣♣
♣.♣♣♣.....####.#...
♣♣♣....♣♣♣♣
♣.♣.........##.#.##
...♣♣♣♣♣
♣.♣....#.#.##.#.## P♣♣♣
♣♣♣♣........#.##.#.##
♣♣
♣♣♣.......#.###.##.#.##
♣.. .##............#.##
. .. ##..##########.##
....#.###..## #.#
......K@....# #.#
......####..# #.# ##.##
#..# #.# #..# #..# ..#
...


You could see a kobold.


Message History

A rat comes into view.
The rat closely misses you.
There are monsters nearby!
You barely miss the rat. The rat barely misses you.
You hit the rat but do no damage. The rat barely misses you.
There are monsters nearby!
You hit the rat but do no damage. The rat closely misses you.
You hit the rat but do no damage. The rat bites you. 😕 HP[-3]
You take 3 damage, and now have 15/18 hp.
There are monsters nearby!
You hit the rat.
You kill the rat!
No target in view!
A quokka comes into view.
The rat bites you. The quokka barely misses you.
You hit the rat. The rat bites you but does no damage.
The quokka barely misses you. 😮 HP[-2]
You take 2 damage, and now have 13/18 hp.
You closely miss the rat. The quokka barely misses you.
The rat completely misses you.
You hit the rat.
You kill the rat!
The quokka barely misses you.
A quokka is nearby!
You hit the quokka. The quokka completely misses you.
You completely miss the quokka.
The quokka bites you but does no damage.
A quokka is nearby!
You closely miss the quokka. The quokka bites you.
You are too injured to fight recklessly! 😮 HP[-1]
You take 1 damage, and now have 12/18 hp.
A quokka is nearby!
You are too injured to fight recklessly!
You are too injured to fight recklessly!
A quokka is nearby!
You are too injured to fight recklessly!
You are too injured to fight recklessly!
A quokka is nearby!
You are too injured to fight recklessly!
You are too injured to fight recklessly!
A quokka is nearby!
You are too injured to fight recklessly!
You are too injured to fight recklessly!
You are too injured to fight recklessly!
You are too injured to fight recklessly!
You closely miss the quokka. The quokka misses you.
You barely miss the quokka. Your punch misses the quokka.
The quokka misses you. The quokka bites you.
* * * LOW HITPOINT WARNING * * *
😨 HP[-4]
You take 4 damage, and now have 8/18 hp.
MASSIVE DAMAGE!! (PAUSE)
You closely miss the quokka. The quokka barely misses you.
You closely miss the quokka. The quokka bites you.
* * * LOW HITPOINT WARNING * * *
😨 HP[-2]
You take 2 damage, and now have 6/18 hp.
You hit the quokka.
You kill the quokka! 😨 HP[+1] Key pressed, stopping explore.
No target in view!
No target in view! 😕 HP[+7]
You regained 7 hp, and now have 14/18 hp.
d - a scroll labelled REIROESAGO 😎 HP[+4]
Your hp is fully restored (18).
Key pressed, stopping explore.
No target in view!
No target in view!
A kobold comes into view. It is wielding a +0 whip of venom.
A kobold is nearby!
The helpless kobold fails to defend itself.
You hit the kobold.
The kobold hits you with a +0 whip of venom.
You are lethally poisoned!
You hit the kobold but do no damage.
* * * LOW HITPOINT WARNING * * *
You feel very sick. The kobold barely misses you. 😨 HP[-9]
You take 9 damage, and now have 9/18 hp.
MASSIVE DAMAGE!! (PAUSE)
You hit the kobold but do no damage.
* * * LOW HITPOINT WARNING * * *
You feel very sick. The kobold hits you but does no damage.
You are more poisoned. 😨 HP[-3]
You take 3 damage, and now have 6/18 hp.
You are confused.
You feel invigorated.
* * * LOW HITPOINT WARNING * * *
You feel very sick.
The kobold hits you with a +0 whip of venom.
You die...

Skill      XL: |  1 |
---------------+----+-----
Unarmed Combat | 3 |  3.1
Fighting       | |  3.0
Dodging        | |  2.6
Stealth        | |  1.7

Action                   || total
-------------------------++-------
Melee: Unarmed           ||    29
  Use: Potion            ||     1
 Stab: Sleeping          ||     2
Armor: Robe              ||     3
Dodge: Dodged            ||    18

Levels and vault maps discovered:
D:1:      kilobyte_arrival_exit_the_forest, layout_loops_ring,
          hellmonk_ecumenical_altar_crossroads, st_stairs_14

Notes
Turn   | Place    | Note
-------+----------+-------------------------------------------
     0 | D:1      | kae the Demonspawn Monk began the quest for the Orb.
     0 | D:1      | Reached XP level 1. HP: 18/18 MP: 1/1
     0 | D:1      | magus.rc [v1.11.3]
   147 | D:1      | Reached skill level 3 in Unarmed Combat
   388 | D:1      | Slain by a kobold

Vanquished Creatures
  A giant cockroach (D:1)
  A hobgoblin (D:1)
  A quokka (D:1)
  A goblin (D:1)
  3 rats (D:1)
7 creatures vanquished.

Table legend:
 A = Non-vault XP
 B = Vault XP
 C = Vault XP percentage of total XP
 D = Non-vault monster count
 E = Vault monster count
 F = Vault count percentage of total count
                 A         B        C        D         E       F
            +---------+---------+-------+---------+---------+-------
      Total |      10 |       0 |   0.0 |       7 |       0 |   0.0
            +---------+---------+-------+---------+---------+-------
        D:1 |      10 |       0 |   0.0 |       7 |       0 |   0.0
            +---------+---------+-------+---------+---------+-------

Illustrated notes

Table legend:
 A = Kills in this place as a percentage of kills in entire the game.
 B = Kills by you in this place as a percentage of kills by you in the entire game.
 C = Kills by friends in this place as a percentage of kills by friends in the entire game.
 D = Other kills in this place as a percentage of other kills in the entire game.
 E = Experience gained in this place as a percentage of experience gained in the entire game.
 F = Experience gained in this place divided by the number of levels of this place that you have seen.
                   A       B       C       D       E      F
               +-------+-------+-------+-------+-------+----------------------
         Total | 100.0 | 100.0 |   N/A |   N/A | 100.0 |  10.0
       Dungeon | 100.0 | 100.0 |   N/A |   N/A | 100.0 |  10.0
               +-------+-------+-------+-------+-------+----------------------

Table legend: (Time is in decaauts)
 A = Elapsed time spent in this place.
 B = Non-inter-level travel time spent in this place.
 C = Inter-level travel time spent in this place.
 D = Time resting spent in this place.
 E = Time spent auto-exploring this place.
 F = Levels seen in this place.
 G = Mean time per level.
                   A        B        C        D        E       F      G
               +--------+--------+--------+--------+--------+-----+--------+
         Total |    387 |    387 |      0 |      0 |    338 |   1 |  387.0 |
       Dungeon |    387 |    387 |      0 |      0 |    338 |   1 |  387.0 |
               +--------+--------+--------+--------+--------+-----+--------+

Top non-repeatable levels by time:
     D:1: 387 daAuts
